 Dungeon Crawl Stone Soup version 0.27-a0-1532-gca18f49f40 (webtiles) character file.

Game seed: 16378468365331951461

57 lunkers the Insei (level 4, -3/33 HPs)
             Began as a Djinni Warper on July 12, 2021.
             Slain by Terence (8 damage)
             ... on level 2 of the Dungeon.
             The game lasted 00:03:28 (1854 turns).

lunkers the Insei (Djinni Warper)                   Turns: 1854, Time: 00:03:28

Health: -3/33      AC:  7    Str: 10    XL:     4   Next: 18%
Gold:   50         EV: 10    Int: 22    God:
                   SH:  0    Dex: 12

rFire    + . .     SeeInvis .     - Unarmed
rCold    . . .     Faith    .   (no shield)
rNeg     . . .     Spirit   .   g - +0 ring mail
rPois    ∞         Reflect  .   l - +1 helmet
rElec    .         Harm     .   (no cloak)
rCorr    .         Rampage  .   (no gloves)
Will     .....                  (boots unavailable)
Stlth    +.........             (no amulet)
HPRegen  0.11/turn              h - +6 ring of intelligence
MPRegen  0.00/turn              e - ring of ice

@: flying, very slightly contaminated
A: sickness immunity, fire resistance 2, cold vulnerability 1, float, innate
caster, hp casting, extra vitality 1
a: no special abilities


You were on level 2 of the Dungeon.
You visited 1 branch of the dungeon, and saw 3 of its levels.

You collected 50 gold pieces.

Inventory:

Missiles
 c - 3 boomerangs of dispersal
 d - 35 stones (quivered)
Armour
 g - a +0 ring mail (worn)
 l - a +1 helmet (worn)
Jewellery
 e - a ring of ice (right hand)
 h - a +6 ring of intelligence (left hand)
 j - a +6 ring of intelligence
Scrolls
 b - a scroll of blinking
 f - a scroll of amnesia {unknown}
Potions
 a - a potion of curing {unknown}
 i - a potion of cancellation {unknown}
 k - a potion of brilliance {unknown}


   Skills:
 - Level 2.0 Fighting
 - Level 0.7 Throwing
 - Level 1.0 Armour
 - Level 2.1 Dodging
 * Level 4.1 Unarmed Combat
 - Level 2.4 Spellcasting


You couldn't memorise any spells.
You knew the following spells:

 Your Spells              Type           Power      Damage    Failure   Level
b - Lesser Beckoning      Tloc           6%         N/A       36%         3
c - Gell's Gravitas       Tloc           6%         N/A       36%         3
d - Teleport Other        Tloc           13%        N/A       36%         3
e - Manifold Assault      Tloc           13%        N/A       98%         5
p - Blink                 Tloc           N/A        N/A       19%         2
w - Beastly Appendage     Tmut           26%        N/A       12%         1
Your spell library was empty.

Dungeon Overview and Level Annotations

Branches:
Dungeon (3/15)

Altars:
Ru

Annotations:
D:2 Terence


Innate Abilities, Weirdness & Mutations

You are immune to sickness and miasma.
You are immune to poison.
Your flesh is very heat resistant. (rF++)
You are vulnerable to cold. (rC-)
You float through the air rather than walking.
You learn spells naturally, not from books.
Your magical power is your life essence.
You have superior vitality. (+4 HP)


Message History

Casting: Beastly Appendage (safe; 12% risk of failure)
Confirm with . or Enter, or press ? or * to list all spells.
Okay, then.
You hit Terence. You headbutt Terence, but do no damage.
Terence is moderately wounded.
Unknown command.
You barely miss Terence. You headbutt Terence.
Terence is heavily wounded.
Your horns disappear.
Your +1 helmet unmelds from your body.
Terence closely misses you.
Unknown command.
You hit Terence but do no damage.
Terence is heavily wounded.
Terence closely misses you.
You hit Terence but do no damage.
Terence is heavily wounded.
Terence hits you with a +0 flail!
* * * LOW HITPOINT WARNING * * *
Casting: Beastly Appendage (safe; 12% risk of failure)
Confirm with . or Enter, or press ? or * to list all spells.
You miscast Beastly Appendage.
You are very lightly contaminated with residual magic.
Nothing appears to happen.
* * * LOW HITPOINT WARNING * * *
Terence hits you with a +0 flail.
* * * LOW HITPOINT WARNING * * *
Casting: Beastly Appendage (safe; 12% risk of failure)
Confirm with . or Enter, or press ? or * to list all spells.
Okay, then.
Casting: Beastly Appendage (safe; 12% risk of failure)
Confirm with . or Enter, or press ? or * to list all spells.
You miscast Blink.
Nothing appears to happen.
* * * LOW HITPOINT WARNING * * *
Terence barely misses you.
Casting: Blink (safe; 19% risk of failure)
Confirm with . or Enter, or press ? or * to list all spells.
You miscast Blink.
Nothing appears to happen.
* * * LOW HITPOINT WARNING * * *
Terence hits you with a +0 flail!
You die...

#....# #########
#########....####...#...#
.............'..'.......+
........#....####...#...#
........###### #####...#
........# #.... ........#
####. ......).####### #.
........@@†...# #.
........#####.# #.
........# #.######## #.
........# #......... ##
...._................. #
#.......###.##.....!.. #
#.......# #. ##....### #
#######.# # .##.# # .# .#
#


You could see Terence.

Vanquished Creatures
  2 adders (D:2)
  A worm (D:2)
  2 dart slugs
  An orc (D:3)
  2 endoplasms
  5 goblins
  5 hobgoblins
  3 kobolds (D:1)
  A quokka (D:1)
  3 ball pythons
  2 bats (D:2)
  2 frilled lizards
  A rat (D:1)
30 creatures vanquished.

Notes
Turn   | Place    | Note
-------+----------+-------------------------------------------
     0 | D:1      | lunkers the Djinni Warper began the quest for the Orb.
     0 | D:1      | Reached XP level 1. HP: 18/18 MP: 0/0
    63 | D:1      | Found a faded altar of an unknown god.
   232 | D:1      | Reached XP level 2. HP: 23/23 MP: 0/0
   533 | D:1      | Reached skill level 3 in Unarmed Combat
   892 | D:1      | Reached XP level 3. HP: 27/28 MP: 0/0
   892 | D:1      | Learned a level 1 spell: Beastly Appendage
   999 | D:2      | You are sucked into a shaft and drop 1 floor!
  1758 | D:2      | Found a sacrificial altar of Ru.
  1774 | D:2      | Reached skill level 4 in Unarmed Combat
  1774 | D:2      | Reached XP level 4. HP: 27/33 MP: 0/0
  1832 | D:2      | Noticed Terence
  1854 | D:2      | Slain by Terence

Illustrated notes

Levels and vault maps discovered:
D:1:      evilmike_arrival_fibonacci_small, layout_basic,
          hellmonk_ecumenical_altar_leap_of_faith
D:2:      layout_basic, basic_altar, uniq_terence
D:3:      layout_loops_ring

Skill      XL: |  1  2  3 |
---------------+----------+-----
Unarmed Combat | 3 4 |  4.1
Fighting       | |  2.0
Throwing       | |  0.7
Armour         | |  1.0
Dodging        | |  2.1
Spellcasting   | |  2.4

Action                   |  1- 3 |  4- 6 || total
-------------------------+-------+-------++-------
Melee: Unarmed           |   111 |    13 ||   124
       Headbutt          |     5 |     5 ||    10
       Punch             |     1 |       ||     1
Throw: Stone             |    22 |       ||    22
       Boomerang         |     2 |       ||     2
 Cast: Beastly Appendage |     5 |     1 ||     6
Armor: Leather armour    |     5 |       ||     5
       Ring mail         |    24 |     4 ||    28
Dodge: Dodged            |    58 |     6 ||    64

Table legend: (Time is in decaauts)
 A = Elapsed time spent in this place.
 B = Non-inter-level travel time spent in this place.
 C = Inter-level travel time spent in this place.
 D = Time resting spent in this place.
 E = Time spent auto-exploring this place.
 F = Levels seen in this place.
 G = Mean time per level.
                   A        B        C        D        E       F      G
               +--------+--------+--------+--------+--------+-----+--------+
         Total |   1846 |   1797 |     49 |      0 |   1432 |   3 |  615.3 |
       Dungeon |   1846 |   1797 |     49 |      0 |   1432 |   3 |  615.3 |
               +--------+--------+--------+--------+--------+-----+--------+

Top non-repeatable levels by time:
     D:1: 989 daAuts
     D:2: 779 daAuts
     D:3: 77 daAuts
